 Dungeon Crawl Stone Soup version 0.31-a0-263-ge8cad7f256 (webtiles) character file.

Game seed: 7774990833775909612

2 spiderkeys the Covered (level 1, -2/13 HPs)
             Began as a Demonspawn Wanderer on July 14, 2023.
             Slain by a hobgoblin (4 damage)
             ... on level 1 of the Dungeon.
             The game lasted 00:00:49 (109 turns).

spiderkeys the Covered (Demonspawn Wanderer)         Turns: 109, Time: 00:00:50

Health: -2/13      AC:  8    Str:  9    XL:     1   Next: 33%
Magic:  2/2        EV:  8    Int: 14    God:
Gold:   12         SH:  0    Dex: 14    Spells: 1/2 levels left

rFire   . . .        a - +0 dagger
rCold   . . .        (no shield)
rNeg    . . .        c - +2 scale mail
rPois   .            (no helmet)
rElec   .            (no cloak)
rCorr   .            (no gloves)
SInv    .            (no boots)
Will    .....        (no amulet) Stlth
                     (no ring)
HPRegen 0.22/turn    (no ring)
MPRegen 0.08/turn

%: no passive effects
@: no status effects
A: no striking features
a: no special abilities


You were on level 1 of the Dungeon.
You visited 1 branch of the dungeon, and saw 1 of its levels.

You collected 12 gold pieces.


   Skills:
 + Level 0.2 Fighting
 + Level 1.8 Throwing
 + Level 2.7 Armour
 - Level 1.0 Stealth
 + Level 0.1 Unarmed Combat
 - Level 1.0 Spellcasting
 - Level 1.0 Hexes
 - Level 1.2 Invocations
 - Level 1.0 Evocations


You had one spell level left.
You knew the following spells:

 Your Spells              Type           Power      Damage    Failure   Level
s - Slow                  Hex            12%        N/A       78%         1

Your spell library contained the following spells:

 Spells                   Type           Power      Damage    Failure   Level
 Dazzling Flash           Conj/Hex       4%         N/A       99%         3

Inventory:

Hand Weapons
 a - a +0 dagger (weapon)
Missiles
 b - 11 poisoned darts (quivered)
Armour
 c - a +2 scale mail (worn)
Scrolls
 d - a scroll of butterflies
 e - a scroll of identify {unknown}

Dungeon Overview and Level Annotations

Branches:
Dungeon (1/15) Zot: 5891

Altars:

....... .......
#######
.....(..........
#................
#................
#...............$
##.......#g..>...
.#........@l......
..........:.......
#................
####................
...............##.##
....................
..............###...
.........†.####P####
.......#..##.......##


You could see a hobgoblin and a frilled lizard.


Message History

✅ Successfully initialized magus.rc [v1.11.3] Welcome, spiderkeys the Demonspawn Wanderer.
You feel drawn to the Orb of Zot, downwards into the unfathomable depths...
Press ? for a list of commands and other information.
Found a staircase leading out of the dungeon.
You begin with the following items: a +0 dagger, 11 poisoned darts, a +2 scale mail, a scroll of butterflies; and the following spell memorised: Slow; and the following spells available to memorise: Dazzling Flash.
You now have 8 gold pieces.
A bat and a hobgoblin come into view.
The bat barely misses you.
You hit the bat. The bat hits you but does no damage.
The bat barely misses you. The bat barely misses you.
The bat closely misses you.
You barely miss the bat. The bat barely misses you.
You hit the bat. The bat hits you.
The hobgoblin closely misses you. 😕 HP[-1]
You take 1 damage, and now have 12/13 hp.
You hit the hobgoblin but do no damage. The bat barely misses you.
The hobgoblin hits you but does no damage.
You hit the bat.
You kill the bat!
The hobgoblin closely misses you.
Training target 1.0 for Evocations reached! 😎 HP[+1]
Your hp is fully restored (13).
You hit the hobgoblin. The hobgoblin closely misses you.
You barely miss the hobgoblin. The hobgoblin closely misses you.
You barely miss the hobgoblin. The hobgoblin closely misses you.
You hit the hobgoblin.
The hobgoblin hits you but does no damage.
You completely miss the hobgoblin. The hobgoblin hits you. 😕 HP[-2]
You take 2 damage, and now have 11/13 hp.
You barely miss the hobgoblin.
The hobgoblin hits you but does no damage.
You hit the hobgoblin.
You kill the hobgoblin!
No target in view!
No target in view!
Okay, then.
Okay, then.
You are now empty-handed.
You now have 12 gold pieces (gained 4).
You see here a bat corpse.
Found a stone staircase leading down. 😎 HP[+2]
Your hp is fully restored (13).
e - a scroll labelled ZUYDOU JONIGY A hobgoblin comes into view.
A hobgoblin is nearby!
A frilled lizard comes into view.
You see here a book of Geomancy.
The hobgoblin hits you but does no damage.
Really attack while wielding nothing? [Y]es or [N]o only, please.
Really attack while wielding nothing? [Y]es or [N]o only, please.
Really attack while wielding nothing? [Y]es or [N]o only, please.
Really attack while wielding nothing? [Y]es or [N]o only, please.
Really attack while wielding nothing? [Y]es or [N]o only, please.
Really attack while wielding nothing? [Y]es or [N]o only, please.
Really attack while wielding nothing?
You hit the hobgoblin but do no damage.
The hobgoblin hits you but does no damage.
You hit the hobgoblin but do no damage. The hobgoblin barely misses you.
You closely miss the hobgoblin.
The hobgoblin hits you but does no damage.
You hit the hobgoblin but do no damage. The hobgoblin closely misses you.
You barely miss the hobgoblin. The frilled lizard bites you.
The hobgoblin hits you. 😕 HP[-3]
You take 3 damage, and now have 10/13 hp.
MASSIVE DAMAGE!! (PAUSE)
You hit the hobgoblin but do no damage. The frilled lizard bites you.
The hobgoblin hits you. 😮 HP[-2]
You take 2 damage, and now have 8/13 hp.
You closely miss the hobgoblin.
The frilled lizard bites you but does no damage.
The hobgoblin hits you. 😮 HP[-1]
You take 1 damage, and now have 7/13 hp.
You hit the hobgoblin but do no damage. The frilled lizard bites you.
* * * LOW HITPOINT WARNING * * *
The hobgoblin hits you.
* * * LOW HITPOINT WARNING * * *
😱 HP[-5]
You take 5 damage, and now have 2/13 hp.
MASSIVE DAMAGE!! (PAUSE)
You hit the hobgoblin but do no damage.
The frilled lizard bites you but does no damage.
The hobgoblin hits you but does no damage.
a - a +0 dagger (weapon)
You hit the hobgoblin but do no damage. The frilled lizard barely misses you.
The hobgoblin hits you.
You die...

Action                     || total
---------------------------++-------
  Melee: Dagger            ||    13
         Unarmed           ||     9
 Armour: Scale mail        ||    10
  Dodge: Dodged            ||    14

Levels and vault maps discovered:
D:1:      nagdon_arrival_double_spiral, layout_rooms,
          chequers_ecumenical_altar_simple

Notes
Turn   | Place    | Note
-------+----------+-------------------------------------------
     0 | D:1      | spiderkeys the Demonspawn Wanderer began the quest for the
                  | Orb.
     0 | D:1      | spiderkeys set off with the following items: a +0 dagger,
                  | 11 poisoned darts, a +2 scale mail, a scroll of
                  | butterflies; and the following spell memorised: Slow; and
                  | the following spells available to memorise: Dazzling Flash.
     0 | D:1      | Reached XP level 1. HP: 13/13 MP: 2/2
     0 | D:1      | magus.rc [v1.11.3]
   106 | D:1      | HP: 2/13 [hobgoblin (4)]
   109 | D:1      | Slain by a hobgoblin

Vanquished Creatures
  A bat (D:1)
  A hobgoblin (D:1)
2 creatures vanquished.

Table legend:
 A = Non-vault XP
 B = Vault XP
 C = Vault XP percentage of total XP
 D = Non-vault monster count
 E = Vault monster count
 F = Vault count percentage of total count
                 A         B        C        D         E       F
            +---------+---------+-------+---------+---------+-------
      Total |       4 |       0 |   0.0 |       2 |       0 |   0.0
            +---------+---------+-------+---------+---------+-------
        D:1 |       4 |       0 |   0.0 |       2 |       0 |   0.0
            +---------+---------+-------+---------+---------+-------

Action                     || total
---------------------------++-------
  Melee: Dagger            ||    13
         Unarmed           ||     9
 Armour: Scale mail        ||    10
  Dodge: Dodged            ||    14

Illustrated notes

Table legend:
 A = Kills in this place as a percentage of kills in the entire game.
 B = Kills by you in this place as a percentage of kills by you in the entire game.
 C = Kills by friends in this place as a percentage of kills by friends in the entire game.
 D = Other kills in this place as a percentage of other kills in the entire game.
 E = Experience gained in this place as a percentage of experience gained in the entire game.
 F = Experience gained in this place divided by the number of levels of this place that you have seen.
                   A       B       C       D       E      F
               +-------+-------+-------+-------+-------+----------------------
         Total | 100.0 | 100.0 |   N/A |   N/A | 100.0 |   4.0
       Dungeon | 100.0 | 100.0 |   N/A |   N/A | 100.0 |   4.0
               +-------+-------+-------+-------+-------+----------------------

Table legend: (Time is in decaauts)
 A = Elapsed time spent in this place.
 B = Non-inter-level travel time spent in this place.
 C = Inter-level travel time spent in this place.
 D = Time resting spent in this place.
 E = Time spent auto-exploring this place.
 F = Levels seen in this place.
 G = Mean time per level.
                   A        B        C        D        E       F      G
               +--------+--------+--------+--------+--------+-----+--------+
         Total |    107 |    107 |      0 |      0 |     75 |   1 |  107.0 |
       Dungeon |    107 |    107 |      0 |      0 |     75 |   1 |  107.0 |
               +--------+--------+--------+--------+--------+-----+--------+

Top non-repeatable levels by time:
     D:1: 107 daAuts
